 Dungeon Crawl Stone Soup version 0.23.1 (webtiles) character file.

Game seed: 1326103873290191342

59 Fang the Skirmisher (level 4, -2/43 HPs)
             Began as a Gargoyle Berserker on Mar 7, 2019.
             Was a Follower of Trog.
             Slain by Natasha (4 damage)
             ... on level 2 of the Dungeon.
             The game lasted 00:01:09 (642 turns).

Fang the Skirmisher (Gargoyle Berserker)             Turns: 642, Time: 00:01:10

Health: -2/43      AC: 10    Str: 26    XL:     4   Next: 3%
Magic:  4/4        EV: 11    Int:  8    God:    Trog [*.....]
Gold:   71         SH:  0    Dex:  9    Spells: 3/3 levels left

rFire    . . .     SeeInvis .   a - +0 hand axe
rCold    . . .     Gourm    .   (no shield)
rNeg     + . .     Faith    .   f - +0 scale mail
rPois    ∞         Spirit   .   (no helmet)
rElec    +         Reflect  .   (no cloak)
rCorr    .         Harm     .   (no gloves)
MR       .....                  (no boots)
Stlth    ..........             (no amulet)
HPRegen  0.14/turn              (no ring)
MPRegen  0.09/turn              (no ring)

@: berserking, very quick
A: negative energy resistance 1, electricity resistance, unbreathing,
petrification resistance, rot immunity, AC +3
a: Berserk, Renounce Religion


You were on level 2 of the Dungeon.
You worshipped Trog.
Trog was aware of your devotion.
You were hungry.

You visited 1 branch of the dungeon, and saw 2 of its levels.

You collected 71 gold pieces.

Inventory:

Hand Weapons
 a - a +0 hand axe (weapon)
Armour
 f - a +0 scale mail (worn)
Scrolls
 d - 3 scrolls of enchant armour {unknown}
 e - a scroll of remove curse {unknown}
 g - a scroll of magic mapping {unknown}
Comestibles
 c - 3 rations


   Skills:
 + Level 3.8 Fighting
 + Level 3.2 Axes
 + Level 3.0 Armour
 + Level 2.1 Dodging


You had 3 spell levels left.
You didn't know any spells.
Your spell library was empty.

Dungeon Overview and Level Annotations

Branches:
Dungeon (2/15)

Altars:

Annotations:
D:2 Natasha


Innate Abilities, Weirdness & Mutations

You are resistant to torment.
Your stone body is resilient. (AC +3)
You are immune to poison.
You resist negative energy. (rN+)
You are resistant to electric shocks. (rElec)
You can survive without breathing.
You are immune to petrification.
You are immune to rotting.


Message History

You start resting.
You recover from your berserk rage.
You start resting.
Natasha, Servant of Life and Death comes into view.
Natasha is nearby!
Natasha hisses angrily.
Natasha drinks a potion.
Natasha flickers and vanishes!
Deactivating autopickup; reactivate with Ctrl-A.
A magic dart appears from out of thin air!
The magic dart hits you.
* * * LOW HITPOINT WARNING * * *
Something completely misses you. Something claws you but does no damage.
A red film seems to cover your vision as you go berserk!
You feel yourself moving faster!
You feel mighty!
You are feeling hungry.
Something claws you.
* * * LOW HITPOINT WARNING * * *
You slash something! Something claws you.
You die...

... ....#.# . ...
...#.#.. #.# #..#.#.#
... #.####....#.###..
#######.##.........#..
#.................<...
..#####.##............
#..#...{.....##
##.#...@.(...#
#.........<.#
##........)÷#
#...#.....##
#####...###..#
##.......###..#
###..#######...##
#...######...###
#..........###


There were no monsters in sight!

Vanquished Creatures
  Natasha (twice) (D:2)
  A leopard gecko (D:1)
  2 bats (D:1)
  A hobgoblin (D:2)
  2 frilled lizards (D:1)
  4 rats
12 creatures vanquished.

Notes
Turn   | Place    | Note
-------+----------+-------------------------------------------
     0 | D:1      | Fang the Gargoyle Berserker began the quest for the Orb.
     0 | D:1      | Reached XP level 1. HP: 14/14 MP: 1/1
   169 | D:1      | Reached XP level 2. HP: 18/19 MP: 2/2
   515 | D:2      | Noticed Natasha
   523 | D:2      | Killed Natasha
   523 | D:2      | Reached XP level 3. HP: 16/24 MP: 3/3
   560 | D:2      | Noticed Natasha
   570 | D:2      | Killed Natasha
   570 | D:2      | Reached XP level 4. HP: 4/29 MP: 4/4
   632 | D:2      | Noticed Natasha
   641 | D:2      | HP: 2/43 [something (5)]
   642 | D:2      | Slain by Natasha

Skill      XL: |  1  2  3 |
---------------+----------+-----
Axes           | 3 |  3.2
Dodging        | 2 |  2.1
Armour         | 3 |  3.0
Fighting       | |  3.8

Action                   |  1- 3 |  4- 6 || total
-------------------------+-------+-------++-------
Melee: Hand axe          |    41 |     1 ||    42
Invok: Berserk           |     2 |     1 ||     3
  Eat: Chunk             |       |     1 ||     1
Armor: Scale mail        |    16 |     1 ||    17
       Animal skin       |     5 |       ||     5
Dodge: Dodged            |    27 |     1 ||    28
